[Event "Titled Tuesday Blitz July 18 Early 2023"]
[White "Lamaze, Simon"]
[Black "Uzcategui Rodriguez, Alejandro"]
[WhiteFideId "36069264"]
[BlackFideId "3903400"]
[WhiteElo "2640"]
[BlackElo "2445"]
[Result "1-0"]
[Round "4"]
[TimeControl "180+2"]
[Date "2023.07.18"]
[WhiteClock "0:01:28"]
[BlackClock "0:01:06"]
[Board "87"]

1. Nc3 Nf6 2. e3 e5 3. g4 d5 4. g5 Ne4 5. h4 Nxc3 6. dxc3 c6 7. e4 dxe4 8. Qxd8+ Kxd8 9. Bg2 Bf5 10. Ne2 Nd7 11. Ng3 Be6 12. Be3 Bc5 13. Bxc5 Nxc5 14. Nxe4 Nxe4 15. Bxe4 Kc7 16. Rd1 Rad8 17. Rxd8 Kxd8 18. Ke2 Ke7 19. Rg1 Bd5 20. Ke3 Ke6 21. f4 Rd8 22. Bxh7 g6 23. h5 Rh8 24. hxg6 fxg6 25. Bxg6 Rh3+ 26. Kd2 exf4 27. Re1+ Kd6 28. Bd3 Rg3 29. g6 Rg2+ 30. Kd1 f3 31. c4 Be6 32. Rf1 f2 33. Kd2 Ke7 34. Ke3 Kf6 35. Rxf2+ Rxf2 36. Kxf2 Bd7 37. b4 Be8 38. Ke3 Bxg6 39. Bxg6 Kxg6 40. a4 Kf5 41. Kd4 Kf4 42. b5 Kf3 43. bxc6 bxc6 44. Kc5 Ke3 45. Kxc6 Kd2 46. a5 Kxc2 47. a6 Kb3 48. Kb5 1-0


[Site "https://www.chess.com"]

[Event "Titled Tuesday Blitz July 18 Early 2023"]
[White "Herman, Daniel"]
[Black "Schnaider, Ilan"]
[WhiteFideId "30935008"]
[BlackFideId "169013"]
[WhiteElo "2435"]
[BlackElo "2638"]
[Result "1-0"]
[Round "4"]
[TimeControl "180+2"]
[Date "2023.07.18"]
[WhiteClock "0:00:11"]
[BlackClock "0:00:01"]
[Board "88"]

1. e4 c5 2. Nf3 d6 3. d4 cxd4 4. Nxd4 Nf6 5. Nc3 a6 6. h3 Nc6 7. g4 g6 8. Be3 Bg7 9. Bg2 h5 10. g5 Nd7 11. f4 Qa5 12. Qd2 Nb6 13. Nb3 Qb4 14. a3 Qc4 15. Bxb6 O-O 16. Qd3 Qe6 17. O-O-O a5 18. Nd5 a4 19. Nd4 Qd7 20. Nb5 Ra6 21. Be3 Ra5 22. h4 Nd8 23. Nbc3 b5 24. Bd4 e5 25. fxe5 dxe5 26. Bc5 Re8 27. Nb6 Qc6 28. Nxc8 Qxc5 29. Nd6 Rf8 30. Bh3 b4 31. Nd5 Kh8 32. axb4 Qxd6 33. bxa5 Nc6 34. Nb6 Qc5 35. Nd7 Qxa5 36. Nxf8 Bxf8 37. Qc3 Nb4 38. Kb1 a3 39. bxa3 Kh7 40. axb4 Bxb4 41. Rd5 Qb6 42. Qb3 Kg7 43. Rd7 Kh8 44. Rxf7 Qc5 45. Rhf1 Bd2 46. Rf8+ Qxf8 47. Rxf8+ Kg7 48. Qf7# 1-0


[Site "https://www.chess.com"]

[Event "Titled Tuesday Blitz July 18 Early 2023"]
[White "Ovchinnikov, Vsevolod"]
[Black "Bueno, Alfeu Junior Varela"]
[WhiteFideId "24176842"]
[BlackFideId "2108879"]
[WhiteElo "2638"]
[BlackElo "2419"]
[Result "1-0"]
[Round "4"]
[TimeControl "180+2"]
[Date "2023.07.18"]
[WhiteClock "0:00:08"]
[BlackClock "0:00:00"]
[Board "89"]

1. d4 e6 2. c4 f5 3. g3 Nf6 4. Bg2 Be7 5. Nf3 O-O 6. O-O d6 7. b3 Nc6 8. Bb2 Qe8 9. Nbd2 Qh5 10. e3 Bd7 11. Ne1 Qh6 12. Ndf3 Rae8 13. d5 Nd8 14. dxe6 Nxe6 15. Nd4 Nxd4 16. Bxd4 b6 17. Nd3 Ne4 18. Qc2 Bg5 19. Rae1 Re7 20. Bb2 Rfe8 21. Re2 Rf8 22. Rfe1 Be8 23. Bc1 Bh5 24. f3 Nc5 25. Nb4 Be8 26. Nd5 Ref7 27. b4 Ne6 28. f4 Bd8 29. Bb2 c6 30. Nc3 Bf6 31. Qd3 Rd7 32. e4 Nd4 33. Rf2 fxe4 34. Nxe4 c5 35. Nxf6+ Qxf6 36. Rd2 Bg6 37. Bxd4 Qd8 38. Qc3 cxd4 39. Rxd4 Re8 40. Rxe8+ Qxe8 41. Bf3 Re7 42. Kf2 1-0


[Site "https://www.chess.com"]

[Event "Titled Tuesday Blitz July 18 Early 2023"]
[White "Gabdushev, Ruslan"]
[Black "Florescu, Codrut-Constantin"]
[WhiteFideId "4137833"]
[BlackFideId "1202200"]
[WhiteElo "2417"]
[BlackElo "2638"]
[Result "1-0"]
[Round "4"]
[TimeControl "180+2"]
[Date "2023.07.18"]
[WhiteClock "0:01:17"]
[BlackClock "0:02:02"]
[Board "90"]

1. g3 d5 2. Bg2 e6 3. d3 Nf6 4. c3 Be7 5. h3 O-O 6. Nf3 c5 7. O-O Nc6 8. Re1 Rb8 9. a4 e5 10. e4 d4 11. Na3 h6 12. Nc4 Qc7 13. Ncxe5 Nxe5 14. Nxe5 dxc3 15. bxc3 b6 16. Nc4 Qd8 17. Bf4 Rb7 18. a5 b5 19. a6 Rd7 20. Ne5 Rd6 21. Qc2 Bxa6 22. Nxf7 Rb6 23. Nxd8 Rxd8 24. Bc7 1-0


[Site "https://www.chess.com"]

[Event "Titled Tuesday Blitz July 18 Early 2023"]
[White "Mazurkiewicz, Michal"]
[Black "Mendez Fortes, Eduardo Jesus"]
[WhiteFideId "1124943"]
[BlackFideId "3502376"]
[WhiteElo "2416"]
[BlackElo "2636"]
[Result "1-0"]
[Round "4"]
[TimeControl "180+2"]
[Date "2023.07.18"]
[WhiteClock "0:00:12"]
[BlackClock "0:00:13"]
[Board "91"]

1. e4 c5 2. Nf3 d6 3. g3 Nc6 4. Bg2 g6 5. O-O Bg7 6. d3 e6 7. c3 Nge7 8. d4 cxd4 9. cxd4 d5 10. e5 O-O 11. Nc3 h6 12. h4 Rb8 13. a4 Nf5 14. Bh3 a6 15. Bxf5 exf5 16. Bf4 Be6 17. Qd2 Kh7 18. Kg2 Na5 19. Qe2 Qb6 20. Rh1 Rfc8 21. h5 g5 22. Bxg5 hxg5 23. Nxg5+ Kh8 24. h6 Bf8 25. Qh5 Qc7 26. Ne2 Qe7 27. Nf4 Nc6 28. Ngxe6 b5 29. Ng5 Rc7 30. axb5 axb5 31. Rac1 Rbc8 32. Nxd5 Qd7 33. Nxc7 Rxc7 34. Nxf7+ Kh7 35. Ng5+ Kh8 36. e6 Qd5+ 37. Qf3 Qd6 38. Qxf5 Nxd4 39. Qf6+ Kg8 40. Qg6+ Kh8 41. Rxc7 Qd5+ 42. f3 Nxe6 43. Nf7# 1-0


[Site "https://www.chess.com"]

[Event "Titled Tuesday Blitz July 18 Early 2023"]
[White "Bendayan Claros, Aaron"]
[Black "Mohamed Anees M"]
[WhiteFideId "3803392"]
[BlackFideId "35065815"]
[WhiteElo "2382"]
[BlackElo "2632"]
[Result "1-0"]
[Round "4"]
[TimeControl "180+2"]
[Date "2023.07.18"]
[WhiteClock "0:00:46"]
[BlackClock "0:02:16"]
[Board "92"]

1. d4 Nf6 2. Nf3 e6 3. e3 c5 4. Bd3 Nc6 5. O-O b6 6. c4 cxd4 7. exd4 d5 8. cxd5 Nxd5 9. Nc3 Be7 10. Bb5 Qd7 11. Ne5 Nxe5 12. Bxd7+ Nxd7 13. Nxd5 exd5 14. Re1 Nf6 15. Qe2 Be6 16. Be3 O-O 17. Rac1 h6 18. Qa6 Bc8 19. Qa4 Bd7 20. Qa6 Bc8 21. Qd3 Bd6 22. Rc6 Bb4 23. Rec1 Be6 24. a3 Be7 25. f3 Rfd8 26. Qa6 Bd7 27. Rc7 Bd6 28. Rxa7 Rxa7 29. Qxa7 b5 30. Qb6 Be7 31. Bf4 Be8 32. Be5 Nd7 33. Qc7 Kf8 34. Bd6 Bxd6 35. Qxd8 Bf4 36. Re1 Nf6 37. g3 Bd2 38. Re2 Bc1 39. Qc7 Bg5 40. h4 1-0


[Site "https://www.chess.com"]

[Event "Titled Tuesday Blitz July 18 Early 2023"]
[White "Jiang, Andrew"]
[Black "Frolyanov, Dmitry"]
[WhiteFideId "30953510"]
[BlackFideId "4151976"]
[WhiteElo "2376"]
[BlackElo "2631"]
[Result "1-0"]
[Round "4"]
[TimeControl "180+2"]
[Date "2023.07.18"]
[WhiteClock "0:01:04"]
[BlackClock "0:00:14"]
[Board "93"]

1. e4 e5 2. Nf3 Nf6 3. Nc3 Nc6 4. a3 g6 5. d4 exd4 6. Nxd4 Bg7 7. Nxc6 bxc6 8. Bd3 O-O 9. O-O d5 10. exd5 cxd5 11. h3 c6 12. Rb1 Nd7 13. Ne2 Ne5 14. Ng3 Nxd3 15. Qxd3 a5 16. Rd1 Ba6 17. Qf3 Rb8 18. b3 a4 19. Bf4 Rb7 20. c4 Rd7 21. cxd5 cxd5 22. bxa4 Qa5 23. Rb4 Re8 24. Be3 Qd8 25. Bd4 Bf8 26. Rb6 Rd6 27. Rxd6 Qxd6 28. Rb1 Bc4 29. Rb6 Qxa3 30. Qf6 1-0


[Site "https://www.chess.com"]

[Event "Titled Tuesday Blitz July 18 Early 2023"]
[White "Suleymanli, Suleyman"]
[Black "Wernberg, Hugo"]
[WhiteFideId "13416375"]
[BlackFideId "1737511"]
[WhiteElo "2629"]
[BlackElo "2375"]
[Result "1-0"]
[Round "4"]
[TimeControl "180+2"]
[Date "2023.07.18"]
[WhiteClock "0:02:29"]
[BlackClock "0:00:01"]
[Board "94"]

1. Nf3 d5 2. g3 Nf6 3. Bg2 c5 4. O-O g6 5. d4 cxd4 6. Nxd4 Bg7 7. c4 dxc4 8. Nc3 O-O 9. Ndb5 Nc6 10. Qxd8 Rxd8 11. Nc7 Rb8 12. Bf4 e5 13. Bg5 Ne7 14. Rfd1 Bg4 15. h3 Bd7 16. N3d5 Nexd5 17. Nxd5 Nxd5 18. Bxd8 Rxd8 19. Rxd5 Kf8 20. Rad1 Ke7 21. R5d2 b6 22. Bc6 Bxc6 23. Rxd8 e4 24. Rc8 Bb5 25. Rc7+ Ke6 26. b3 c3 27. e3 Bd3 28. Rc1 Kd6 29. R7xc3 Bxc3 30. Rxc3 Bb1 31. a3 a5 32. b4 axb4 33. axb4 Bd3 34. f3 Kd5 35. fxe4+ Kxe4 36. Kf2 h5 37. Rc7 f6 38. Rc6 Ke5 39. Rxb6 Bf5 40. h4 g5 41. hxg5 fxg5 42. b5 h4 43. gxh4 gxh4 44. Rb8 Be4 45. b6 Kd6 46. Re8 Bf5 47. b7 1-0


[Site "https://www.chess.com"]

[Event "Titled Tuesday Blitz July 18 Early 2023"]
[White "Glavina, Pablo"]
[Black "Chen, Justin"]
[WhiteFideId "100234"]
[BlackFideId "2098199"]
[WhiteElo "2371"]
[BlackElo "2625"]
[Result "1-0"]
[Round "4"]
[TimeControl "180+2"]
[Date "2023.07.18"]
[WhiteClock "0:00:21"]
[BlackClock "0:00:01"]
[Board "95"]

1. c4 e5 2. Nc3 Nf6 3. Nf3 e4 4. Ng5 c6 5. Ngxe4 Nxe4 6. Nxe4 d5 7. cxd5 cxd5 8. Ng3 h5 9. e3 h4 10. Ne2 Nc6 11. d4 Qf6 12. Nf4 Bd6 13. Nxd5 Qg6 14. a3 Bf5 15. f3 Bxh2 16. Rxh2 Qg3+ 17. Ke2 Qxh2 18. e4 Be6 19. Bf4 Qg1 20. Be3 Qh2 21. Nc7+ Qxc7 22. d5 O-O-O 23. Qb3 Kb8 24. dxe6 fxe6 25. Kf2 h3 26. gxh3 Ka8 27. Rc1 Qh2+ 28. Bg2 Rc8 29. Qxe6 Rhf8 30. b4 g5 31. b5 Nb8 32. Rxc8 Rxc8 33. Qxc8 Qe5 34. Qc5 Qb2+ 35. Kg3 b6 36. Qd5+ Nc6 37. Qxc6+ Kb8 38. Bxg5 Qe5+ 39. Bf4 Qxf4+ 40. Kxf4 a5 41. bxa6 b5 42. Qb7# 1-0


[Site "https://www.chess.com"]

[Event "Titled Tuesday Blitz July 18 Early 2023"]
[White "Der_Balak_3Halak"]
[Black "Zaim, Marian"]
[BlackFideId "1204114"]
[WhiteElo "2618"]
[BlackElo "2309"]
[Result "1/2-1/2"]
[Round "4"]
[TimeControl "180+2"]
[Date "2023.07.18"]
[WhiteClock "0:00:09"]
[BlackClock "0:00:22"]
[Board "96"]

1. c3 g6 2. e4 Bg7 3. d4 Nf6 4. Bd3 c5 5. Nf3 O-O 6. O-O d6 7. h3 Nc6 8. Be3 b6 9. d5 Ne5 10. Nxe5 dxe5 11. Nd2 Ne8 12. a4 Nd6 13. Nc4 f5 14. f3 Bf6 15. Qd2 f4 16. Bf2 g5 17. b4 cxb4 18. cxb4 Bd7 19. a5 b5 20. Nxd6 exd6 21. a6 Qb8 22. Qe2 Rc8 23. Ra5 Bd8 24. Rxb5 Bxb5 25. Bxb5 Bb6 26. Bc6 Bxf2+ 27. Qxf2 Qxb4 28. Bxa8 Rxa8 29. Rc1 Qb6 30. Qxb6 axb6 31. Rc6 Rxa6 32. Rxd6 Ra1+ 33. Kh2 Rb1 34. Re6 b5 35. Rxe5 b4 36. Rxg5+ Kf7 37. Rh5 b3 38. Rxh7+ Ke8 39. Rb7 b2 40. e5 Kd8 41. d6 Kc8 42. Rb6 Kd7 43. h4 Ke6 44. h5 Re1 45. Rxb2 Rxe5 46. Rd2 Rxh5+ 47. Kg1 Kd7 48. Kf2 Re5 49. Rd4 Rf5 50. Ke2 Rf6 51. Kd3 Rg6 52. Ke4 Rxg2 53. Kxf4 Rg8 54. Kf5 Rf8+ 55. Ke4 Re8+ 56. Kd3 Rf8 57. Ke2 Re8+ 58. Kf2 Ra8 59. f4 Ra3 60. f5 Ra5 61. Rf4 Kxd6 62. f6 Ra8 63. Kg3 Ke6 64. Kg4 Rg8+ 65. Kh5 Kf7 66. Kh6 Rg6+ 67. Kh5 Rxf6 68. Rxf6+ Kxf6 1/2-1/2


[Site "https://www.chess.com"]

[Event "Titled Tuesday Blitz July 18 Early 2023"]
[White "Onufrienko, Vladislav"]
[Black "Samarth J Rao"]
[WhiteFideId "13804332"]
[BlackFideId "46652370"]
[WhiteElo "2611"]
[BlackElo "2272"]
[Result "1-0"]
[Round "4"]
[TimeControl "180+2"]
[Date "2023.07.18"]
[WhiteClock "0:01:37"]
[BlackClock "0:01:22"]
[Board "97"]

1. e4 c5 2. Nc3 e6 3. Nf3 a6 4. d4 cxd4 5. Nxd4 Qc7 6. g3 Nc6 7. Bg2 Nf6 8. O-O Be7 9. h3 O-O 10. g4 h6 11. Be3 b5 12. f4 e5 13. Nf5 exf4 14. Bxf4 Bc5+ 15. Kh1 Ne5 16. g5 hxg5 17. Bxg5 Nh7 18. Nd5 Qa7 19. Qh5 Nxg5 20. Nfe7+ 1-0


[Site "https://www.chess.com"]

[Event "Titled Tuesday Blitz July 18 Early 2023"]
[White "Luxama, Jacques Muller"]
[Black "Fiorito, Francisco"]
[WhiteFideId "11900113"]
[BlackFideId "180165"]
[WhiteElo "2263"]
[BlackElo "2610"]
[Result "0-1"]
[Round "4"]
[TimeControl "180+2"]
[Date "2023.07.18"]
[WhiteClock "0:00:00"]
[BlackClock "0:00:13"]
[Board "98"]

1. e4 c5 2. Nf3 Nc6 3. d4 cxd4 4. Nxd4 g6 5. Nc3 Bg7 6. Be3 Nf6 7. Nxc6 bxc6 8. e5 Ng8 9. Bd4 f6 10. exf6 Nxf6 11. Be2 O-O 12. O-O Re8 13. f4 d5 14. Na4 Bf5 15. Nc5 Qd6 16. c3 Ne4 17. Nxe4 Bxe4 18. b4 e5 19. fxe5 Bxe5 20. Bxe5 Qxe5 21. Bf3 Qxc3 22. Bxe4 Rxe4 23. Rc1 Qe3+ 24. Kh1 Re6 25. b5 d4 26. bxc6 Rc8 27. c7 Re7 28. Qb3+ Qxb3 29. axb3 Rexc7 30. Rcd1 Rd8 31. h3 d3 32. Kh2 Rc3 33. b4 Rb3 34. Rf3 a6 35. Rd2 Rd6 36. h4 Kg7 37. Kh3 Rd4 38. g3 h6 39. Kg2 g5 40. hxg5 hxg5 41. Kf2 Kg6 42. Ke3 Rbxb4 43. Rf8 Rd6 44. Ra8 Rb3 45. g4 Re6+ 46. Kf3 Ra3 47. Kg2 a5 48. Rb2 Re2+ 49. Rxe2 dxe2 50. Kf2 Ra2 51. Ra6+ Kf7 52. Rh6 a4 53. Ra6 a3 54. Rh6 Ra1 55. Ra6 e1=Q+ 0-1


[Site "https://www.chess.com"]

[Event "Titled Tuesday Blitz July 18 Early 2023"]
[White "Sanchez Alvares, Kelvin Antonio"]
[Black "Da Silva Junior, Sediney Mari"]
[WhiteFideId "3906680"]
[BlackFideId "2132079"]
[WhiteElo "2608"]
[BlackElo "2196"]
[Result "1-0"]
[Round "4"]
[TimeControl "180+2"]
[Date "2023.07.18"]
[WhiteClock "0:01:34"]
[BlackClock "0:02:31"]
[Board "99"]

1. e4 e6 2. d4 d5 3. Nc3 Bb4 4. Ne2 dxe4 5. a3 Bxc3+ 6. Nxc3 Nf6 7. Bg5 Nbd7 8. Nxe4 h6 9. Bh4 g5 10. Nxf6+ Qxf6 11. Bg3 c6 12. c3 O-O 13. Bd3 e5 14. O-O exd4 15. cxd4 Nb6 16. Be5 Qe6 17. Qh5 f5 18. h4 gxh4 19. Rfe1 Bd7 20. Bf4 Qf7 21. Qxh4 Rfe8 22. Bxh6 Nd5 23. Re5 Rxe5 24. dxe5 Re8 25. Re1 Re6 26. Bg5 Qh7 27. Qxh7+ 1-0


[Site "https://www.chess.com"]

[Event "Titled Tuesday Blitz July 18 Early 2023"]
[White "Levitan, Ronit"]
[Black "Shimanov, Aleksandr"]
[WhiteFideId "2815109"]
[BlackFideId "4198603"]
[WhiteElo "2226"]
[BlackElo "2991"]
[Result "0-1"]
[Round "4"]
[TimeControl "180+2"]
[Date "2023.07.18"]
[WhiteClock "0:00:05"]
[BlackClock "0:00:10"]
[Board "100"]

1. e4 c5 2. c3 e5 3. Nf3 Nc6 4. Bc4 Nf6 5. d3 Be7 6. Bd5 d6 7. Nbd2 O-O 8. O-O Nxd5 9. exd5 Nb8 10. a4 f5 11. c4 Na6 12. b3 Nb4 13. Qe2 Bf6 14. Bb2 Re8 15. Rfe1 Bd7 16. Rab1 g5 17. Nf1 g4 18. N3d2 Bg7 19. Bc3 a5 20. Bxb4 axb4 21. g3 h5 22. Ne3 Qg5 23. Ng2 Rf8 24. f4 Qh6 25. Kh1 Rae8 26. Qf2 Bf6 27. Nf1 exf4 28. Qxf4 Qxf4 29. Nxf4 h4 30. Ne6 Bxe6 31. dxe6 h3 32. Nd2 Bc3 33. Rbd1 Rf6 34. Re2 Rfxe6 35. Rxe6 Rxe6 36. Nf1 Re2 37. Kg1 Bd4+ 38. Kh1 Kf7 39. Nd2 Ke6 40. a5 Ke5 41. Nf1 Bc3 42. Rc1 Kd4 43. Rd1 Rg2 44. Rb1 Kxd3 45. a6 bxa6 46. Rd1+ Bd2 47. Ne3 Kxe3 48. Re1+ Re2 49. Rf1 Re1 50. Kg1 Rxf1+ 51. Kxf1 Bc3 52. Kg1 Be5 53. Kh1 Kd3 54. Kg1 Kc3 55. Kh1 Kxb3 56. Kg1 Kxc4 57. Kf2 Kb5 58. Ke3 Kc6 0-1


[Site "https://www.chess.com"]

[Event "Titled Tuesday Blitz July 18 Early 2023"]
[White "Movahed, Sina"]
[Black "Ionescu, Mihai"]
[WhiteFideId "42520835"]
[BlackFideId "1202499"]
[WhiteElo "2986"]
[BlackElo "2546"]
[Result "1-0"]
[Round "4"]
[TimeControl "180+2"]
[Date "2023.07.18"]
[WhiteClock "0:02:33"]
[BlackClock "0:01:06"]
[Board "101"]

1. e4 c5 2. Nf3 d6 3. d4 cxd4 4. Nxd4 Nf6 5. Nc3 g6 6. Be3 Bg7 7. f3 h5 8. Qd2 Nc6 9. O-O-O a6 10. Nxc6 bxc6 11. e5 Nd7 12. exd6 exd6 13. Qxd6 Bxc3 14. bxc3 Qa5 15. Bd4 f6 16. Bc4 Ne5 17. Rhe1 1-0


[Site "https://www.chess.com"]

[Event "Titled Tuesday Blitz July 18 Early 2023"]
[White "Keleberda, Tymur"]
[Black "Kosteniuk, Alexandra"]
[WhiteFideId "14174294"]
[BlackFideId "4128125"]
[WhiteElo "2518"]
[BlackElo "2784"]
[Result "0-1"]
[Round "4"]
[TimeControl "180+2"]
[Date "2023.07.18"]
[WhiteClock "0:00:58"]
[BlackClock "0:00:56"]
[Board "102"]

1. e4 c6 2. d4 d5 3. e5 c5 4. dxc5 e6 5. Be3 Nc6 6. f4 d4 7. Bf2 Bxc5 8. Nf3 Nge7 9. Bd3 Ng6 10. g3 O-O 11. O-O f6 12. exf6 gxf6 13. Nbd2 e5 14. c3 Bh3 15. Re1 dxc3 16. Bc4+ Kh8 17. Bxc5 cxd2 18. Re3 exf4 19. Rd3 Qa5 20. Bxf8 Rxf8 21. Qxd2 Qc5+ 22. Nd4 Nge5 23. Rd1 Nxd4 24. Rxd4 Nf3+ 25. Kf2 Nxd2 26. Rxd2 Rd8 0-1


[Site "https://www.chess.com"]

[Event "Titled Tuesday Blitz July 18 Early 2023"]
[White "Schmakel, Sam"]
[Black "Mortazavi, Ali"]
[WhiteFideId "2039311"]
[BlackFideId "401323"]
[WhiteElo "2763"]
[BlackElo "2513"]
[Result "0-1"]
[Round "4"]
[TimeControl "180+2"]
[Date "2023.07.18"]
[WhiteClock "0:00:02"]
[BlackClock "0:00:02"]
[Board "103"]

1. e4 c6 2. d4 d5 3. exd5 cxd5 4. Bd3 Nc6 5. c3 Qc7 6. Ne2 Bg4 7. f3 Bd7 8. O-O e5 9. dxe5 Nxe5 10. Nd4 Bd6 11. f4 Nxd3 12. Qxd3 Ne7 13. a4 a6 14. Na3 O-O 15. Nac2 g6 16. a5 Rad8 17. Be3 Rfe8 18. g3 Nf5 19. Bf2 Re4 20. Rfd1 Rde8 21. Nf3 Bb5 22. Qxd5 Bc6 23. Qd3 Bb5 24. Qd2 Re2 25. Qc1 Rxf2 26. Kxf2 Re2+ 27. Kg1 Qc6 28. Nce1 Qe4 29. Qb1 Bc5+ 30. Rd4 Qe3+ 31. Kh1 Bc6 32. Qd3 Rxe1+ 33. Kg2 Re2+ 34. Kh3 Qxf3 35. Qxf3 Bxf3 36. Rc4 Ne3 37. Rxc5 Bg4+ 38. Kh4 Rxh2+ 39. Kg5 Kg7 40. f5 Rf2 41. f6+ Rxf6 42. Rb1 Rf2 43. Rh1 f6+ 44. Kh4 h5 45. b4 Ng2# 0-1


[Site "https://www.chess.com"]

[Event "Titled Tuesday Blitz July 18 Early 2023"]
[White "Volovich, Vasily"]
[Black "Michalczak, Thomas"]
[WhiteFideId "34169676"]
[BlackFideId "4622634"]
[WhiteElo "2755"]
[BlackElo "2516"]
[Result "1-0"]
[Round "4"]
[TimeControl "180+2"]
[Date "2023.07.18"]
[WhiteClock "0:00:41"]
[BlackClock "0:00:00"]
[Board "104"]

1. e4 e5 2. Nf3 Nc6 3. d4 exd4 4. Bc4 Nf6 5. O-O Nxe4 6. Re1 d5 7. Bxd5 Qxd5 8. Nc3 Qh5 9. Nxe4 Be6 10. Bg5 Bb4 11. c3 dxc3 12. bxc3 Ba5 13. Rb1 Bb6 14. c4 h6 15. Bf6 O-O 16. Rb5 Qg6 17. Ba1 Bxc4 18. Nh4 Qh7 19. Rh5 Rad8 20. Qg4 f5 21. Nxf5 Rxf5 22. Rxf5 Kh8 23. Nf6 Be2 24. Qxe2 Qxf5 25. Qe8+ 1-0


[Site "https://www.chess.com"]

[Event "Titled Tuesday Blitz July 18 Early 2023"]
[White "Remizov, Yaroslav"]
[Black "MateoReyes"]
[WhiteFideId "34134015"]
[WhiteElo "2754"]
[BlackElo "2509"]
[Result "1-0"]
[Round "4"]
[TimeControl "180+2"]
[Date "2023.07.18"]
[WhiteClock "0:01:24"]
[BlackClock "0:00:53"]
[Board "105"]

1. e4 c5 2. Nc3 Nc6 3. Bb5 Nd4 4. Bc4 e6 5. Nf3 d6 6. O-O Nf6 7. d3 Be7 8. Nxd4 cxd4 9. Ne2 e5 10. Kh1 Be6 11. Bxe6 fxe6 12. c3 dxc3 13. bxc3 O-O 14. Qb3 Qc8 15. Ba3 Kh8 16. f3 Qd7 17. d4 exd4 18. cxd4 d5 19. e5 Ng8 20. Bc1 Rac8 21. Be3 Rc6 22. Rab1 Rb6 23. Qd3 Ra6 24. Rb2 Ra3 25. Qd2 b6 26. f4 Nh6 27. h3 Nf5 28. Bf2 Bh4 29. Bxh4 Nxh4 30. Qb4 Rxh3+ 31. gxh3 Qf7 32. Ng3 Kg8 33. Kh2 Qg6 34. Qd2 h5 35. Qe2 Nf5 36. Nxf5 Rxf5 37. Qg2 Qh7 38. Rc2 Rf8 39. Rc7 Kh8 40. Rg1 Rg8 41. Qg6 1-0


[Site "https://www.chess.com"]

[Event "Titled Tuesday Blitz July 18 Early 2023"]
[White "Iskusnyh, Sergei"]
[Black "Wartiovaara, Oliver"]
[WhiteFideId "4120027"]
[BlackFideId "513024"]
[WhiteElo "2646"]
[BlackElo "2485"]
[Result "1-0"]
[Round "4"]
[TimeControl "180+2"]
[Date "2023.07.18"]
[WhiteClock "0:01:56"]
[BlackClock "0:02:17"]
[Board "106"]

1. d4 d5 2. c4 e6 3. Nf3 c6 4. e3 f5 5. Bd3 Bd6 6. O-O Nh6 7. b3 Qe7 8. a4 a5 9. Ba3 Bb4 10. Bxb4 axb4 11. Nbd2 Nd7 12. Qc2 Nf6 13. Ne5 Ne4 14. f3 Nxd2 15. Qxd2 O-O 16. c5 Nf7 17. Nxf7 Rxf7 18. Qxb4 e5 19. Qc3 e4 20. fxe4 fxe4 21. Rxf7 Qxf7 22. Rf1 Qh5 23. Bc2 Qe2 24. Bd1 Qa2 25. Bc2 1-0


[Site "https://www.chess.com"]

[Event "Titled Tuesday Blitz July 18 Early 2023"]
[White "Skuhala, Barbara"]
[Black "Kuzhilniy, Oleksandr"]
[WhiteFideId "14605465"]
[BlackFideId "34110500"]
[WhiteElo "2433"]
[BlackElo "2627"]
[Result "0-1"]
[Round "4"]
[TimeControl "180+2"]
[Date "2023.07.18"]
[WhiteClock "0:00:45"]
[BlackClock "0:00:16"]
[Board "107"]

1. e4 a6 2. d4 e6 3. Bd3 d5 4. e5 c5 5. c3 Bd7 6. f4 Qb6 7. Nf3 Bb5 8. O-O Nc6 9. a4 Bxd3 10. Qxd3 Nh6 11. Kh1 Be7 12. dxc5 Qxc5 13. b4 Qb6 14. Be3 Qc7 15. Nbd2 Nf5 16. Bf2 h5 17. Nb3 O-O 18. Nfd4 Ncxd4 19. Nxd4 Nxd4 20. Bxd4 g6 21. Qe3 Rac8 22. Rae1 Qd7 23. Qh3 Rc4 24. g4 hxg4 25. Qxg4 Bxb4 26. Qg5 Bxc3 27. Bxc3 Rxc3 28. f5 exf5 29. e6 Qc6 30. exf7+ Rxf7 31. Rf2 Rc4 32. h3 Re4 33. Rc1 Qf6 34. Qh6 Qe6 35. Rff1 Rh7 36. Rc8+ Qxc8 37. Qxg6+ Rg7 38. Qd6 Qe6 39. Qd8+ Kh7 0-1


[Site "https://www.chess.com"]

[Event "Titled Tuesday Blitz July 18 Early 2023"]
[White "Tregubov, Pavel V."]
[Black "Cheer_Down"]
[WhiteFideId "4115341"]
[WhiteElo "2627"]
[BlackElo "2449"]
[Result "0-1"]
[Round "4"]
[TimeControl "180+2"]
[Date "2023.07.18"]
[WhiteClock "0:00:00"]
[BlackClock "0:00:13"]
[Board "108"]

1. e4 c5 2. Nf3 d6 3. Bb5+ Nd7 4. Ba4 Nf6 5. O-O a6 6. c4 e6 7. Nc3 Be7 8. d4 cxd4 9. Qxd4 O-O 10. Bg5 Qc7 11. Rfd1 Ne5 12. Nxe5 dxe5 13. Qd3 b6 14. Rac1 Bb7 15. Bxf6 Bxf6 16. Qd7 Qb8 17. Bc6 Ra7 18. Bxb7 Rxb7 19. Qd6 Qc8 20. b3 Rd8 21. Qa3 Rbd7 22. Rxd7 Rxd7 23. Rd1 Rd4 24. Re1 h5 25. h3 b5 26. Qc1 bxc4 27. Na4 Qc6 28. Qc2 Qd7 29. bxc4 Rd2 30. Qb3 Qd4 0-1


[Site "https://www.chess.com"]

[Event "Titled Tuesday Blitz July 18 Early 2023"]
[White "Zacurdajev, Dmitry"]
[Black "Vaibhav Jayant Raut"]
[WhiteFideId "4196309"]
[BlackFideId "5089034"]
[WhiteElo "2427"]
[BlackElo "2601"]
[Result "0-1"]
[Round "4"]
[TimeControl "180+2"]
[Date "2023.07.18"]
[WhiteClock "0:00:00"]
[BlackClock "0:01:07"]
[Board "109"]

1. d4 Nf6 2. c4 e6 3. Nc3 Bb4 4. Qc2 O-O 5. a3 Bxc3+ 6. Qxc3 b6 7. f3 d5 8. Bg5 Nbd7 9. e3 Bb7 10. Nh3 Rc8 11. Be2 h6 12. Bh4 c5 13. dxc5 Rxc5 14. Rd1 Ne4 15. Bxd8 Nxc3 16. bxc3 Rxd8 17. cxd5 Bxd5 18. Nf4 Bb3 19. Rd6 Rxc3 20. Kf2 Kf8 21. Rb1 Ke7 22. Rd2 Ba4 23. Rd3 Rxd3 24. Nxd3 Bc2 25. Rc1 Bxd3 26. Bxd3 Nc5 27. Bb5 Rd2+ 28. Kg3 Ra2 29. Rc3 h5 30. h4 f6 31. Bc4 Ra1 32. e4 g5 33. hxg5 fxg5 34. Re3 Kf6 35. e5+ Kf5 36. Bb5 h4+ 37. Kh2 Kf4 38. Re2 Rxa3 0-1


[Site "https://www.chess.com"]

[Event "Titled Tuesday Blitz July 18 Early 2023"]
[White "brm72"]
[Black "Herzog2012"]
[WhiteElo "2601"]
[BlackElo "2420"]
[Result "0-1"]
[Round "4"]
[TimeControl "180+2"]
[Date "2023.07.18"]
[WhiteClock "0:01:12"]
[BlackClock "0:00:50"]
[Board "110"]

1. e4 c5 2. Nf3 Nc6 3. Bb5 g6 4. Bxc6 dxc6 5. d3 Bg7 6. h3 Nf6 7. Be3 Nxe4 8. dxe4 Qxd1+ 9. Kxd1 Bxb2 10. c3 Bxa1 11. Kc2 b6 12. Nbd2 Bxc3 13. Kxc3 f6 14. e5 Be6 15. a4 Bd5 16. a5 O-O 17. Rb1 Rab8 18. g3 bxa5 19. Rxb8 Rxb8 20. Bxc5 a4 21. exf6 Bxf3 22. Nxf3 Rb3+ 23. Kd4 Rxf3 24. fxe7 Kf7 25. Ke5 a3 26. Kd6 Rd3+ 27. Kxc6 a2 0-1


[Site "https://www.chess.com"]